 Dungeon Crawl Stone Soup version 0.30.1-11-g7821555f0a (webtiles) character file.

Game seed: 1891416925425253390

317 Destapler the Ruffian (level 6, -8/61 HPs)
             Began as a Troll Monk on Dec 25, 2023.
             Mangled by a gnoll
             ... wielding a +0 scythe
              (9 damage)
             ... on level 4 of the Dungeon.
             The game lasted 00:05:23 (3056 turns).

Destapler the Ruffian (Troll Monk)                  Turns: 3056, Time: 00:05:24

Health: -8/61      AC:  5    Str: 20    XL:     6   Next: 20%
Magic:  5/5        EV: 11    Int:  6    God:
Gold:   235        SH:  0    Dex: 14    Spells: 5/5 levels left

rFire   . .          .
                       - Unarmed
rCold   . . .        (no shield)
rNeg    . . .        a - +1 robe
rPois   .            (helmet restricted)
rElec   .            (no cloak)
rCorr   .            (gloves unavailable)
SInv    .            (boots unavailable)
Will    .....        (no amulet)
Stlth   +            (no ring)
HPRegen 1.10/turn    (no ring)
MPRegen 0.09/turn

%: no passive effects
@: no status effects
A: large, unfitting armour, claws 3, regeneration 1, shaggy fur 1, tough skin 1
a: no special abilities


You were on level 4 of the Dungeon.
You visited 1 branch of the dungeon, and saw 4 of its levels.

You collected 235 gold pieces.

Inventory:

Missiles
 n - 11 curare-tipped darts
 o - a throwing net
 p - 2 javelins
 q - 4 boomerangs (quivered)
Armour
 a - a +1 robe (worn)
 c - an orb of light
Jewellery
 e - an amulet of guardian spirit
 h - a ring of protection from fire
Wands
 s - a wand of iceblast (6)
Scrolls
 f - 3 scrolls of poison {unknown}
 l - 3 scrolls of vulnerability {unknown}
 m - 4 scrolls of identify
 r - 3 scrolls of fog {unknown}
 t - a scroll of enchant armour
 v - 2 scrolls of teleportation {unknown}
 w - a scroll of brand weapon {unknown}
 x - a scroll of enchant weapon {unknown}
 y - a scroll of amnesia {unknown}
 z - a scroll of noise {unknown}
Potions
 b - a potion of might
 d - 2 potions of ambrosia
 g - a potion of berserk rage
 i - 4 potions of curing
 j - a potion of resistance {unknown}
 k - a potion of haste {unknown}
 u - a potion of invisibility {unknown}


   Skills:
 + Level 3.3 Fighting
 - Level 2.0 Throwing
 - Level 2.0 Armour
 + Level 3.3 Dodging
 + Level 4.0 Unarmed Combat
 - Level 1.0 Evocations


You had 5 spell levels left.
You didn't know any spells.
Your spell library contained the following spells:

 Spells                   Type           Power      Damage    Failure   Level
 Blink                    Tloc           0%         N/A       58%         2
 Cigotuvi's Dreadful Rot  Necr/Pois/Air  0%         N/A       58%         2
 Lesser Beckoning         Tloc           0%         N/A       58%         2
 Momentum Strike          Conj/Tloc      0%         3d8       58%         2
 Ignite Poison            Fire/Tmut/Pois 0%         N/A       83%         3
 Ozocubu's Armour         Ice            0%         N/A       83%         3
 Vhi's Electric Charge    Tloc/Air       0%         N/A       83%         3
 Manifold Assault         Tloc           0%         N/A       99%         4
 Arcjolt                  Conj/Air       0%         1d10      100%        5
 Freezing Cloud           Conj/Ice/Air   0%         6-21      100%        5
 Metabolic Englaciation   Hex/Ice        0%         N/A       100%        5
 Simulacrum               Ice/Necr       0%         N/A       100%        6
 Storm Form               Tmut/Air       0%         N/A       100%        7
 Maxwell's Capacitive Co  Air            0%         ∞         100%        8


Dungeon Overview and Level Annotations

Branches:
Dungeon (4/15)
 Temple: D:4-7

Altars:

Shops:
D:4 :


Innate Abilities, Weirdness & Mutations

You are too large for most types of armour.
You have claws for hands.
Your natural rate of healing is unusually fast.
You are covered in fur. (AC +1)
You have tough skin. (AC +1)


Message History

You scratch the orc.
The orc is lightly wounded.
The orc hits you but does no damage.
You scratch the orc.
The orc is moderately wounded.
The orc barely misses you.
You claw the orc!
You kill the orc!
Training target 2.0 for Armour reached!
Your Armour skill increases to level 2!
You claw the orc!
You kill the orc!
No target in view!
No target in view!
No target in view!
Items here: )) ††.
You open the door. 4 gnolls come into view.
The gnoll misses you. The gnoll barely misses you.
The gnoll shouts!
There is an open door here.
You scratch the gnoll but do no damage.
The gnoll shouts!
The gnoll closely misses you.
The gnoll hits you from afar with a +0 scythe!
The gnoll hits you with a +0 scythe. x2
You claw the gnoll!
The gnoll is heavily wounded.
The gnoll hits you with a +0 scythe. The gnoll closely misses you.
The gnoll hits you with a +0 scythe! x2
* * * LOW HITPOINT WARNING * * *
You closely miss the gnoll.
The gnoll is heavily wounded.
The gnoll closely misses you.
The gnoll hits you from afar with a +0 scythe!
* * * LOW HITPOINT WARNING * * *
The gnoll barely misses you. The gnoll hits you with a +0 scythe!
* * * LOW HITPOINT WARNING * * *
The gnoll attacks as you move away! The gnoll hits you with a +0 scythe!
You die...

....#.......#.##........####.#'#.
#...#########.##.##.†...##.+.#..#
##### #.##.##........###...
#.......####... ##.#
####.##......#. #.. #..#######..
#.. ####.#### ##. #....#g.# #.
#.#..@g.# #. #.##.#gg# ##
#.##.##### #......#.# ####.....#
###.### #.# ### ####.#### ##.##
#.......######.#.##


You could see 4 gnolls.

Vanquished Creatures
  A hound (D:4)
  An iguana (D:4)
  Natasha (thrice) (D:4)
  5 gnolls
  6 adders
  A worm (D:3)
  2 dart slugs
  5 orcs
  6 ball pythons
  6 endoplasms
  3 giant cockroaches
  7 hobgoblins
  4 jackals
  7 kobolds
  3 quokkas
  3 bats
  5 frilled lizards
  5 goblins
  6 rats
79 creatures vanquished.

Notes
Turn   | Place    | Note
-------+----------+-------------------------------------------
     0 | D:1      | Destapler the Troll Monk began the quest for the Orb.
     0 | D:1      | Reached XP level 1. HP: 22/22 MP: 0/0
   113 | D:1      | Reached XP level 2. HP: 29/29 MP: 1/1
   512 | D:1      | Reached XP level 3. HP: 35/36 MP: 2/2
   939 | D:2      | Reached skill level 1 in Throwing
   946 | D:2      | Reached skill level 1 in Armour
   946 | D:2      | Reached XP level 4. HP: 9/44 MP: 3/3
  1089 | D:2      | Reached skill level 1 in Evocations
  2169 | D:3      | Reached XP level 5. HP: 53/53 MP: 4/4
  2465 | D:4      | Noticed Natasha
  2476 | D:4      | Killed Natasha
  2485 | D:4      | Noticed Natasha
  2496 | D:4      | Killed Natasha
  2660 | D:4      | Noticed Natasha
  2669 | D:4      | Killed Natasha
  2804 | D:4      | Reached XP level 6. HP: 61/61 MP: 5/5
  2884 | D:4      | Noticed a walking crystal tome
  2886 | D:4      | Found Udunil's Book Emporium.
  2888 | D:4      | Noticed a walking frostbound tome
  2950 | D:4      | Reached skill level 4 in Unarmed Combat
  3055 | D:4      | HP: 1/61 [gnoll/+0 scythe (13)]
  3056 | D:4      | Mangled by a gnoll

Illustrated notes

Levels and vault maps discovered:
D:1:      minmay_arrival_nine_rooms, layout_basic, serial_bayou,
          serial_bayou_ford_a, serial_bayou_pond_b, serial_bayou_pond_e,
          serial_bayou_pond_b
D:2:      layout_loops_corners, serial_forest, infiniplex_forest_clump_small,
          infiniplex_forest_straight_3, infiniplex_forest_fountain,
          infiniplex_forest_end_2, infiniplex_forest_lined_room_,
          infiniplex_forest_clump_C, infiniplex_forest_corner_1,
          infiniplex_forest_end_double
D:3:      layout_loops_cross, minmay_crystal_room, minmay_misc_feat_columns,
          minmay_pentomino_pile
D:4:      nicolae_cairo_tiling_large, layout_loops_cross, serial_shops,
          nicolae_shop_mannequins, sigmund_army, uniq_natasha

Skill      XL: |  1  2  3  4  5  6 |
---------------+-------------------+-----
Throwing       | 1 2 |  2.0
Armour         | 1 2 |  2.0
Evocations     | 1 |  1.0
Dodging        | 3 |  3.3
Fighting       | 3 |  3.3
Unarmed Combat | 4 |  4.0

Action                     |  1- 3 |  4- 6 || total
---------------------------+-------+-------++-------
  Melee: Unarmed           |    74 |   132 ||   206
         Punch             |     1 |     1 ||     2
    Use: Potion            |     2 |       ||     2
         Scroll            |       |     3 ||     3
 Armour: Robe              |    20 |    32 ||    52
  Dodge: Dodged            |    39 |    47 ||    86
